 Dungeon Crawl Stone Soup version 0.19.1-1-g22dce08 (webtiles) character file.

86 Alarkh the Chopper (level 4, 20/35 HPs)
             Began as a Demonspawn Monk on Jan 11, 2017.
             Quit the game on level 2 of the Dungeon.
             The game lasted 00:01:42 (1293 turns).

Alarkh the Chopper (Demonspawn Monk)                Turns: 1293, Time: 00:01:42

Health: 20/35      AC:  3    Str: 11    XL:     4   Next: 27%
Magic:  4/4        EV: 13    Int: 12    God:
Gold:   102        SH:  0    Dex: 16    Spells: 0 memorised, 3 levels left

rFire  . . .     SeeInvis .     a - +0 war axe
rCold  . . .     Gourm    .     b - +0 robe
rNeg   . . .     Faith    .     (no shield)
rPois  .         Spirit   .     (helmet restricted)
rElec  .         Reflect  .     (no cloak)
rCorr  .         Harm     .     (no gloves)
MR     .....     Clarity  +     e - +0 pair of boots
Stlth  ++........               (no amulet)
                                (no ring)
                                (no ring)

@: no status effects
A: horns 1, clarity, demonic guardian 1, spiny 1
a: no special abilities


You were on level 2 of the Dungeon.
You were not hungry.

You visited 1 branch of the dungeon, and saw 4 of its levels.

You collected 102 gold pieces.

Inventory:

Hand Weapons
 a - a +0 war axe (weapon)
 m - a +0 hand axe
Armour
 b - a +0 robe (worn)
 e - a +0 pair of boots (worn)
Scrolls
 d - a scroll of immolation {unknown}
 h - a scroll of fear {unknown}
 i - a scroll of enchant armour {unknown}
 l - a scroll of fog {unknown}
Potions
 f - a potion of heal wounds
 j - a potion of magic {unknown}
Comestibles
 c - 2 bread rations
 g - 2 fruits
 k - a meat ration
 n - 4 chunks of flesh


   Skills:
 - Level 3.0 Fighting
 + Level 4.6 Axes
 - Level 2.6 Dodging
 - Level 1.7 Stealth


You had 3 spell levels left.
You didn't know any spells.

Dungeon Overview and Level Annotations

Branches:
Dungeon (4/15)
 Temple: D:4-7

Altars:

Annotations:
D:3 Grinder
D:4 Paps's ghost, amateur DsFi


Innate Abilities, Weirdness & Mutations

You have a pair of small horns on your head.
A weak demonic guardian rushes to your aid.
You are partially covered in sharp spines.
You possess an exceptional clarity of mind.


Message History

The hound is almost dead.
The hound bites you but does no damage. The hound bites you.
You barely miss the hound.
The hound is almost dead.
The hound bites you. The hound is struck by your spines.
You kill the hound!
You have reached level 4!
You feel agile.
Your demonic ancestry asserts itself...
You feel the presence of a demonic guardian.
You see here a hound corpse.
You butcher the hound corpse.
n - 4 chunks of flesh (gained 2)
You see here a hound skeleton.
There is an escape hatch in the ceiling here.
A mysterious force pulls you upwards. The hatch slams shut behind you.
Found 6 gold pieces.
Are you sure you want to abandon this character and quit the game? (Confirm with "yes".)
Okay, then.
You can't go up here!
Are you sure you want to abandon this character and quit the game? (Confirm with "yes".)

#.# #.#
#.# #.#
#.# #.#
#.#####.#
#@.......
##.......
...$...
.####..
.# . .#
.# .#


There were no monsters in sight!

Vanquished Creatures
  A hound (D:3)
  Jessica (D:3)
  2 oozes
  A leopard gecko (D:1)
  An orc (D:3)
  7 bats
  A giant cockroach (D:1)
  A goblin (D:3)
  3 hobgoblins (D:1)
  2 kobolds
  A ball python (D:1)
  A frilled lizard (D:1)
  2 rats (D:1)
24 creatures vanquished.

Notes
Turn   | Place    | Note
-------+----------+-------------------------------------------
     0 | D:1      | Alarkh the Demonspawn Monk began the quest for the Orb.
     0 | D:1      | Reached XP level 1. HP: 18/18 MP: 1/1
    60 | D:1      | Reached skill level 3 in Axes
   440 | D:1      | Gained mutation: You are partially covered in sharp spines. [demonic ancestry]
   440 | D:1      | Reached XP level 2. HP: 11/24 MP: 2/2
   840 | D:1      | Gained mutation: You possess an exceptional clarity of mind. [potion of beneficial mutation]
   883 | D:2      | You fall through a shaft for 2 floors!
   906 | D:4      | Noticed Paps's ghost (amateur DsFi)
   919 | D:3      | Noticed Grinder
  1013 | D:3      | Gained mutation: You have a pair of small horns on your head. [demonic ancestry]
  1013 | D:3      | Reached XP level 3. HP: 27/29 MP: 3/3
  1091 | D:3      | Noticed Jessica
  1093 | D:3      | Killed Jessica
  1093 | D:3      | Reached skill level 4 in Axes
  1285 | D:3      | Gained mutation: A weak demonic guardian rushes to your aid. [demonic ancestry]
  1285 | D:3      | Reached XP level 4. HP: 19/35 MP: 4/4
  1293 | D:2      | Quit the game

Skill      XL: |  1  2  3 |
---------------+----------+-----
Axes           | 3 4 |  4.6
Fighting       | |  3.0
Dodging        | |  2.6
Stealth        | |  1.7

Action                   |  1- 3 |  4- 6 || total
-------------------------+-------+-------++-------
Melee: Hand axe          |    59 |       ||    59
       War axe           |     3 |       ||     3
       Headbutt          |     3 |       ||     3
  Use: Scroll            |     4 |       ||     4
       Potion            |     1 |       ||     1
 Stab: Sleeping          |     7 |       ||     7
  Eat: Chunk             |     1 |       ||     1
Armor: Robe              |    10 |       ||    10
Dodge: Dodged            |    55 |       ||    55
